 Dungeon Crawl Stone Soup version 0.29-a0-617-g7a6b98fccd (webtiles) character file.

Game seed: 14355721531656862563

119 enile the Cudgeller (level 5, -1/54 HPs)
             Began as an Octopode Wanderer on June 18, 2022.
             Was a Follower of Trog.
             Slain by a phantom (4 damage)
             ... on level 7 of the Dungeon.
             The game lasted 00:03:43 (3346 turns).

enile the Cudgeller (Octopode Wanderer)             Turns: 3346, Time: 00:03:43

Health: -1/54      AC:  1    Str: 10    XL:     5   Next: 3%
Magic:  6/6        EV: 13    Int: 22    God:    Trog [*.....]
Gold:   180        SH:  3    Dex: 13    Spells: 5/6 levels left

rFire   . . .      SeeInvis .   s - +1 whip (freeze)
rCold   . . .      Faith    .   e - +0 buckler
rNeg    + . .      Spirit   .   (helmet restricted)
rPois   .          Reflect  .   (no amulet)
rElec   .          Harm     .   i - ring of positive energy
rCorr   .          Rampage  .   r - +6 ring of intelligence
Will    .....                   (no ring)
Stlth   ..........              (no ring)
HPRegen 0.18/turn               (no ring)
MPRegen 0.10/turn               (no ring)
                                (no ring)
                                (no ring)

@: berserking, very quick
A: almost no armour, amphibious, 8 rings, camouflage 1, gelatinous body 1,
(nimble swimmer 1), tentacles
a: Renounce Religion, Berserk


You were on level 7 of the Dungeon.
You worshipped Trog.
Trog was aware of your devotion.
You visited 1 branch of the dungeon, and saw 5 of its levels.

You collected 180 gold pieces.

Inventory:

Hand Weapons
 a - a +3 mace
 m - a +0 dagger
 s - a +1 whip of freezing (weapon)
Armour
 e - a +0 buckler (worn)
Jewellery
 i - a ring of positive energy (left tentacle)
 r - a +6 ring of intelligence (right tentacle)
Wands
 l - a wand of paralysis (5)
Scrolls
 b - a scroll of blinking
 g - a scroll of brand weapon
 n - a scroll of enchant weapon {unknown}
 o - 2 scrolls of magic mapping {unknown}
 p - a scroll of poison {unknown}
 q - a scroll of immolation {unknown}
Potions
 d - a potion of brilliance {unknown}
 f - a potion of heal wounds {unknown}
 j - 2 potions of mutation {unknown}
 k - 2 potions of might {unknown}


   Skills:
 - Level 3.0 Fighting
 - Level 4.0 Maces & Flails
 - Level 3.0 Dodging
 - Level 3.0 Stealth
 - Level 1.0 Spellcasting
 - Level 1.0 Transmutations
 + Level 2.0 Evocations


You had 5 spell levels left.
You knew the following spells:

 Your Spells              Type           Power      Damage    Failure   Level
a - Beastly Appendage     Tmut           10%        N/A       14%         1

Your spell library contained the following spells:

 Spells                   Type           Power      Damage    Failure   Level
 Static Discharge         Conj/Air       1%         N/A       30%         2
 Spider Form              Tmut/Pois      3%         N/A       45%         3
 Lightning Bolt           Conj/Air       0%         1d11      99%         5
 Maxwell's Capacitive Co  Air            0%         ∞         100%        8


Dungeon Overview and Level Annotations

Branches:
Dungeon (4/15)             Temple (0/1) D:7

Altars:
Trog
Yredelemnul


Innate Abilities, Weirdness & Mutations

You cannot wear most types of armour.
You are amphibious.
You can wear up to eight rings at the same time.
Your skin changes colour to match your surroundings (Stealth+).
Your rubbery body absorbs attacks. (AC +1, EV +1)
((You are camouflaged when in or above water. (Stealth+)))
You have tentacles for arms and can constrict up to eight enemies at once.


Message History

The phantom hits you.
The phantom blinks!
You blink.
You barely miss the phantom. Your squeeze misses the phantom.
The phantom is severely damaged.
You block the phantom's attack.
You hit the phantom.
The phantom is almost destroyed.
You barely miss the phantom.
The phantom is almost destroyed.
The phantom hits you!
* * * LOW HITPOINT WARNING * * *
The phantom blinks!
You blink.
You hit the phantom.
The phantom is almost destroyed.
The phantom hits you.
* * * LOW HITPOINT WARNING * * *
The phantom blinks!
You blink.
You barely miss the phantom.
The phantom is almost destroyed.
The phantom barely misses you.
You hit the phantom.
The phantom is almost destroyed.
The phantom hits you but does no damage.
Okay, then.
A red film seems to cover your vision as you go berserk!
You feel yourself moving faster!
You feel mighty! The phantom closely misses you.
You barely miss the phantom.
The phantom is almost destroyed.
The phantom hits you but does no damage.
You closely miss the phantom.
The phantom is almost destroyed.
The phantom hits you.
* * * LOW HITPOINT WARNING * * *
The phantom blinks!
You blink.
You barely miss the phantom.
The phantom is almost destroyed.
You completely miss the phantom.
The phantom is almost destroyed.
The phantom hits you.
You die...

#..........##..
##.........##..
########.###..
#..# #.. #.##
### ##.#
########..#
###..§...#.##
##@....§.#..#
#.W....###.##
#...##### #.#
##### ..# #.##
#. W. .#


You could see a phantom.

Vanquished Creatures
  An orc priest (D:4)
  3 adders
  2 dart slugs (D:1)
  6 orcs
  4 bats
  5 endoplasms
  5 giant cockroaches
  3 goblins
  A hobgoblin (D:1)
  5 jackals (D:1)
  2 kobolds (D:2)
  5 quokkas
  4 ball pythons
  A frilled lizard (D:2)
  2 rats
49 creatures vanquished.

Notes
Turn   | Place    | Note
-------+----------+-------------------------------------------
     0 | D:1      | enile the Octopode Wanderer began the quest for the Orb.
     0 | D:1      | enile set off with the following items: a +3 mace, a scroll
                  | of blinking; and the following spell memorised: Beastly
                  | Appendage; and the following spells available to memorise:
                  | Spider Form.
     0 | D:1      | Reached XP level 1. HP: 14/14 MP: 2/2
    85 | D:1      | Reached XP level 2. HP: 20/20 MP: 3/3
   561 | D:1      | Reached XP level 3. HP: 26/26 MP: 4/4
   646 | D:1      | Found a faded altar of an unknown god.
   655 | D:1      | Prayed at the altar of an unknown god.
   655 | D:1      | Became a worshipper of Trog the Wrathful
   655 | D:1      | Reached * piety under Trog
  1362 | D:2      | Reached XP level 4. HP: 27/31 MP: 5/5
  1879 | D:3      | Reached skill level 1 in Stealth
  2519 | D:3      | Found a basalt altar of Yredelemnul.
  3014 | D:4      | Reached XP level 5. HP: 12/36 MP: 6/6
  3223 | D:4      | You fall into a shaft and drop 3 floors!
  3242 | D:7      | Found a staircase to the Ecumenical Temple.
  3300 | D:7      | Noticed a sky beast
  3316 | D:7      | Noticed a phantom
  3346 | D:7      | Slain by a phantom

Illustrated notes

Levels and vault maps discovered:
D:1:      dpeg_arrival_three_same_balls, layout_loops_ring,
          hellmonk_ecumenical_altar_crossroads, dk_noncrumbling_3,
          corexii_corridor_pit
D:2:      layout_rooms
D:3:      layout_basic, mainiacjoe_overflow_paths, serial_park_tiny_2,
          kennysheep_generic_room_16
D:4:      layout_basic, grunt_ministairs_13, lightli_corner_chamber
D:7:      layout_cave_pods, minmay_temple_entry_fiery

Skill      XL: |  1  2  3  4 |
---------------+-------------+-----
Fighting       | 3 |  3.0
Dodging        | 3 |  3.0
Stealth        | 3 |  3.0
Evocations     | 2 |  2.0
Maces & Flails | |  4.0
Spellcasting   | |  1.0
Transmutations | |  1.0

Action                   |  1- 3 |  4- 6 || total
-------------------------+-------+-------++-------
Melee: Mace              |    63 |     2 ||    65
       Constrict         |    17 |    10 ||    27
       Tentacles         |    11 |    11 ||    22
       Dagger            |       |    25 ||    25
       Whip              |       |    39 ||    39
Invok: Berserk           |     1 |     1 ||     2
  Use: Potion            |     1 |     1 ||     2
       Scroll            |       |     3 ||     3
 Stab: Sleeping          |     5 |     2 ||     7
Armor: Skin              |     6 |     3 ||     9
Dodge: Dodged            |    57 |    25 ||    82
Block: Buckler           |     4 |     5 ||     9

Table legend: (Time is in decaauts)
 A = Elapsed time spent in this place.
 B = Non-inter-level travel time spent in this place.
 C = Inter-level travel time spent in this place.
 D = Time resting spent in this place.
 E = Time spent auto-exploring this place.
 F = Levels seen in this place.
 G = Mean time per level.
                   A        B        C        D        E       F      G
               +--------+--------+--------+--------+--------+-----+--------+
         Total |   3366 |   3216 |    150 |    453 |   2314 |   5 |  673.2 |
       Dungeon |   3366 |   3216 |    150 |    453 |   2314 |   5 |  673.2 |
               +--------+--------+--------+--------+--------+-----+--------+

Top non-repeatable levels by time:
     D:3: 1385 daAuts
     D:2: 916 daAuts
     D:1: 837 daAuts
     D:7: 120 daAuts
     D:4: 107 daAuts
